 Dungeon Crawl Stone Soup version 0.32-a0-871-ge202e49faa (webtiles) character file.

Game seed: 5793742481717925886

103798 Ruich the Warrior (level 16, -3/115 HPs)
             Began as a Djinni Alchemist on Mar 29, 2024.
             Was the Champion of Hepliaklqana.
             Shot with an arrow by a centaur warrior (15 damage)
             ... on level 14 of the Dungeon on Mar 30, 2024.
             The game lasted 01:25:28 (25791 turns).

Ruich the Warrior (Djinni Alchemist)               Turns: 25791, Time: 01:25:31

Health: -3/115     AC:  7    Str: 11    XL:     16   Next: 90%
Gold:   2408       EV: 12    Int: 22    God:    Hepliaklqana [******] SH: 18 Dex: 13

rFire   + + +        Z - staff of cold {!a}
rCold   + . .        F - +1 kite shield
rNeg    + . .        N - +2 robe {rC+}
rPois   ∞            E - +2 helmet
rElec   .            (no cloak)
rCorr   .            (no gloves)
SInv    .            (boots unavailable)
Will    ++...        D - amulet of reflection
Stlth   ++           Y - ring of willpower
HPRegen 0.39/turn    U - ring of Cheibriados's Delight {rF+ rN+}
MPRegen 0.00/turn

%: reflection, infuse magic (-4 HP)
@: radiating poison, flying, very slightly contaminated, invisible
A: reduced essence, sickness immunity, fire resistance 2, cold vulnerability 1,
float, innate caster, HP casting, extra vitality 1
a: Renounce Religion, Recall Ancestor, Ancestor Identity, Transference, Idealise


You were on level 14 of the Dungeon.
You worshipped Hepliaklqana.
Hepliaklqana was exalted by your worship.
You visited 3 branches of the dungeon, and saw 20 of its levels.
You also visited: Gauntlet.

You collected 2408 gold pieces.


Innate Abilities, Weirdness & Mutations

Your life essence is reduced to manifest your ancestor. (-10% HP)
You are immune to sickness and miasma.
You are immune to poison.
Your flesh is very heat resistant. (rF++)
You are vulnerable to cold. (rC-)
You float through the air rather than walking.
You learn spells naturally, not from books.
Your magical power is your life essence.
You have superior vitality. (+4 MHP)


   Skills:
 + Level 16.3 Fighting
 + Level 6.6 Dodging
 - Level 1.5 Stealth
 + Level 14.3 Shields
 + Level 14.9 Spellcasting
 + Level 14.9 Conjurations
 + Level 14.9 Hexes
 + Level 14.9 Summonings
 + Level 14.9 Necromancy
 + Level 14.9 Translocations
 + Level 14.9 Fire Magic
 + Level 14.9 Ice Magic
 + Level 14.9 Air Magic
 + Level 14.9 Earth Magic
 + Level 14.9 Alchemy


You knew the following spells:

 Your Spells              Type           Power      Damage    Failure   Level
b - Iskenderun's Battles  Conj           70%        2d12      1%          5
c - Mephitic Cloud        Conj/Alch/Air  70%        N/A       1%          3
e - Ensorcelled Hibernat  Hex/Ice        100%       N/A       1%          2
i - Call Imp              Summ           100%       N/A       1%          2
m - Mercury Vapours       Alch/Air       100%       N/A       1%          2
o - Olgreb's Toxic Radia  Alch           70%        N/A       1%          4
p - Permafrost Eruption   Ice/Erth       44%        2x4d13    2%          6
s - Sandblast             Erth           100%       2d20      0%          1
u - Passage of Golubria   Tloc           70%        N/A       1%          4
v - Yara's Violent Unrav  Hex/Alch       35%        3d14      1%          5
y - Sticky Flame          Fire/Alch      70%        2d11      1%          4
z - Sting                 Conj/Alch      100%       1d9       0%          1
Your spell library was empty.

Inventory:

Hand Weapons
 y - the +7 whip "Ryfuiniahe" {heavy, rF+ Stlth+}
   (You found it in a Gauntlet)

   rF+:       It protects you from fire.
   Stlth+:    It makes you more stealthy.
Armour
 t - an orb of guile
 E - a +2 helmet (worn)
 F - a +1 kite shield (worn)
 N - a +2 robe of cold resistance (worn)
Magical Staves
 Z - a staff of cold (weapon) {!a}
Jewellery
 e - a ring of see invisible
 h - a ring of resist corrosion
 i - the amulet of Pizooly {Reflect Regen+ rCorr SH+5}
   (You took it off a yaktaur captain on level 13 of the Dungeon)

   [amulet of reflection]

   Reflect:   It reflects blocked missile attacks.
   Regen+:    It increases your rate of health regeneration.
   rCorr:     It protects you from acid and corrosion.
   SH+5:      It affects your SH (+5).
 D - an amulet of reflection (around neck)
 M - a ring of ice
 U - the ring of Cheibriados's Delight (right hand) {rF+ rN+}
   (You found it in a Gauntlet)

   [ring of positive energy]

   rF+:       It protects you from fire.
   rN+:       It protects you from negative energy.
 W - a ring of protection from cold
 Y - a ring of willpower (left hand)
Wands
 a - a wand of mindburst (4)
 b - a wand of charming (4)
 o - a wand of flame (51)
 v - a wand of digging (4)
 A - a wand of roots (11)
 B - a wand of polymorph (5)
Scrolls
 c - 3 scrolls of enchant weapon
 f - a scroll of blinking
 g - 4 scrolls of fog
 k - a scroll of vulnerability
 n - 8 scrolls of revelation
 q - a scroll of acquirement {unknown}
 r - 2 scrolls of immolation
 z - 5 scrolls of teleportation {@r2}
 G - 3 scrolls of noise
 H - 2 scrolls of poison
 I - 3 scrolls of enchant armour
Potions
 d - 3 potions of lignification {unknown}
 j - 4 potions of berserk rage {!q}
 l - 9 potions of curing {@q1}
 m - 2 potions of enlightenment
 p - 2 potions of cancellation {unknown}
 s - 5 potions of haste {@q3}
 u - 3 potions of mutation
 w - 2 potions of heal wounds {@q2}
 x - a potion of magic {unknown}
 C - 2 potions of brilliance
 J - 2 potions of invisibility
 K - 2 potions of attraction
 L - 2 potions of degeneration {unknown}
 O - a potion of resistance {unknown}
 R - a potion of might {unknown}
Miscellaneous
 S - a phantom mirror
 T - a lightning rod (4/4)
 V - a box of beasts

Dungeon Overview and Level Annotations

Branches:
Dungeon (14/15) Zot: 26221  Temple (1/1) D:6 Zot: 5905    Lair (5/5) D:10 Zot: 21604
 Shoals (0/4) Lair:3        Snake (0/4) Lair:2        Slime (0/5) Lair:4
    Orc (0/2) D:11        Gauntlet (visited)
 Vaults: D:13-14

Altars:
Ashenzari
Cheibriados
Dithmenos
Elyvilon
Fedhas
Gozag
Hepliaklqana
Makhleb
Nemelex Xobeh
Okawaru
Qazlal
Ru
Trog
Uskayaw
Wu Jian
Xom
Yredelemnul
Zin
The Shining One
Jiyva

Shops:
D:1 :   D:2 :*[   D:3 =   D:7 (

Annotations:
D:8 2 transporters
D:9 2 transporters, petete's ghost, novice CoHs

############ #.@........#
#.$........ ......
#.c.~P..... #....#
##R~~~~~##+#
#....########c♣P~~♣....
#.....c....c.T†..+†....
#..........####p##.†.†.
#...^......#....†......
####>...##....#..)........


You could see the friendly Hintan the knight, a vault guard (poisoned), a
centaur warrior (unable to see you, very poisoned), a deep troll (poisoned) and
a centaur (unable to see you, very poisoned, ally target).


Message History

The centaur shoots an arrow.
Hintan blocks the arrow.
A centaur warrior comes into view.
Unknown command.
Unknown command.
Unknown command.
Unknown command.
The centaur warrior wields a +0 orcbow.
The centaur warrior shoots an arrow.
A deep troll comes into view.
Unknown command.
You fade into invisibility!
Unknown command.
Hintan hits the centaur warrior with a +0 broad axe of flaming!
Hintan burns the centaur warrior.
A vault guard comes into view. It is wielding a +0 great sword.
Unknown command.
Unknown command.
Unknown command.
Casting: Permafrost Eruption (dangerous; 2% risk of failure)
Confirm with . or Enter, or press ? or * to list all spells.
You begin to radiate toxic energy.
The deep troll is poisoned.
The centaur warrior is poisoned.
The vault guard is poisoned.
The centaur is poisoned.
* * * LOW HITPOINT WARNING * * *
The centaur warrior looks even sicker.
The centaur looks even sicker.
The centaur shoots an arrow.
Hintan blocks the arrow.
Hintan closely misses the centaur.
Hintan barely misses the centaur warrior.
The centaur warrior shoots an arrow.
You die...
Hepliaklqana delivers you to your ancestors.

Skill      XL: |  1  2  3  4  5  6  7  8  9 10 11 12 13 14 15 16 |
---------------+-------------------------------------------------+-----
Fighting       | 1 2 3 4 6 7 8 10 11 13 14 15 16 | 16.3
Spellcasting   | 4 5 6 8 9 10 11 12 13 14 | 14.9
Conjurations   | 4 5 6 8 9 10 11 12 13 14 | 14.9
Hexes          | 4 5 6 8 9 10 11 12 13 14 | 14.9
Summonings     | 4 5 6 8 9 10 11 12 13 14 | 14.9
Necromancy     | 4 5 6 8 9 10 11 12 13 14 | 14.9
Translocations | 4 5 6 8 9 10 11 12 13 14 | 14.9
Fire Magic     | 4 5 6 8 9 10 11 12 13 14 | 14.9
Ice Magic      | 4 5 6 8 9 10 11 12 13 14 | 14.9
Air Magic      | 4 5 6 8 9 10 11 12 13 14 | 14.9
Earth Magic    | 4 5 6 8 9 10 11 12 13 14 | 14.9
Alchemy        | 4 5 6 8 9 10 11 12 13 14 | 14.9
Shields        | 2 6 8 10 12 13 14 | 14.3
Dodging        | 3 6 |  6.6
Stealth        | |  1.5

Action                     |  1- 3 |  4- 6 |  7- 9 | 10-12 | 13-15 | 16-18 || total
---------------------------+-------+-------+-------+-------+-------+-------++-------
   Cast: Sting             |    61 |   106 |    60 |    20 |       |       ||   247
         Mephitic Cloud    |       |     1 |     1 |     4 |     1 |       ||     7
         Olgreb's Toxic Ra |       |       |    37 |    97 |   138 |    18 ||   290
         Sandblast         |       |       |    20 |   120 |   260 |     8 ||   408
         Sticky Flame      |       |       |     8 |    20 |       |     1 ||    29
         Ensorcelled Hiber |       |       |     3 |     1 |       |       ||     4
         Mercury Vapours   |       |       |     5 |       |       |       ||     5
         Call Imp          |       |       |       |     2 |       |       ||     2
         Passage of Golubr |       |       |       |     1 |     1 |       ||     2
         Iskenderun's Batt |       |       |       |       |    30 |       ||    30
         Permafrost Erupti |       |       |       |       |    60 |    79 ||   139
 Invoke: Ancestor Life: Kn |       |       |       |     1 |       |       ||     1
         Ancestor Identity |       |       |       |     1 |       |       ||     1
         Recall Ancestor   |       |       |       |     2 |     2 |     1 ||     5
    Use: Scroll            |       |     6 |     1 |     7 |    12 |     2 ||    28
         Potion            |       |       |       |       |     1 |     4 ||     5
 Armour: Robe              |    10 |    11 |    38 |    12 |    64 |    27 ||   162
         Troll leather arm |       |       |       |    49 |     9 |       ||    58
  Dodge: Dodged            |    18 |    21 |    35 |    36 |    33 |    11 ||   154
  Block: Kite shield       |       |       |       |   101 |   148 |    30 ||   279
         Other             |       |       |       |     2 |       |       ||     2
         Reflection        |       |       |       |     2 |     4 |     8 ||    14

Levels and vault maps discovered:
D:1:      onia_arrival_mini_maze, layout_basic, serial_shops, shop
D:2:      minmay_diamond_boxcup, layout_basic,
          nicolae_ecumenical_snake_handling, serial_shops, shop,
          nicolae_book_shop_shelving, shop
D:3:      layout_rooms, serial_shops, nicolae_shop_tiny_real_fake_doors,
          minmay_misc_feat_iff
D:4:      layout_basic
D:5:      minmay_octagon_keep, layout_cave_pools,
          mainiacjoe_overflow_divided_tiny, serial_bayou_pond_e
D:6:      layout_loops_ring, grunt_temple_overflow_open,
          minmay_temple_entry_statues, st_stairs_14
D:7:      layout_gridville, doesnt_shop_hydraphobe
D:8:      layout_loops_ring, fedhas_altar_fruit_tree, nicolae_diode_intersection
D:9:      layout_basic, nzn_ghost_randoct
D:10:     layout_rooms, nicolae_qazlal_style_of_elements,
          grunt_temple_overflow_cloverleaf, tso_oasis_becter,
          kiku_gazebo_garden_becter
D:11:     layout_roguey, david_orc_3, portal_ice_cave_entry_ice_simulacra,
          laboratory
D:12:     minmay_distorted_concentric_squares, layout_basic,
          gauntlet_entry_generic, uniq_nergalle, uniq_azrael
D:13:     minmay_tile_spiral, layout_irregular_city, serial_bayou_lake_a,
          uniq_lodul
D:14:     regret_index_infernal_bastille, layout_gridville,
          lightli_vaults_fourway_checkpoint, gammafunk_ghost_berserking_beasts,
          serial_bayou_pond_e, nicolae_hepliaklqana_hippocampus, uniq_rupert
Temple:   compressed_dpeg_circular_temple
Lair:1:   layout_cave_pods, grunt_forest_stairs_basic, dreamdust_wasp_nest,
          grunt_megastairs_4, serial_bayou_shore_b
Lair:2:   layout_chaotic_city, guppyfry_snake_entry_garden, grunt_megastairs_2,
          infiniplex_staircase_pool
Lair:3:   layout_chaotic_city, elwin_shoals_entry_rooms, basic_altar,
          st_stairs_3, hangedman_tree_tricks, cheibrodos_lair_lostbears,
          serial_bayou_shore_b, uniq_fannar
Lair:4:   layout_concentric_octagons, minmay_slime_entry_pillars
Lair:5:   hangedman_lair_caniforms_friends, layout_cave_pods,
          guppyfry_lair_end_dragon, grunt_forest_large_clearing_hut, uniq_kirke

Notes
Turn   | Place    | Note
-------+----------+-------------------------------------------
     0 | D:1      | Ruich the Djinni Alchemist began the quest for the Orb.
     0 | D:1      | Ruich set off with the following spells memorised: Sting,
                  | Mercury Vapours, Mephitic Cloud, Olgreb's Toxic Radiance,
                  | Sticky Flame.
     0 | D:1      | Reached XP level 1. HP: 15/15 MP: 0/0
   272 | D:1      | Reached XP level 2. HP: 17/22 MP: 0/0
   538 | D:1      | Found Apheleoh's Book Shop.
   682 | D:1      | Reached skill level 1 in Fighting
   892 | D:2      | Found Roewn's Assorted Antiques.
  1008 | D:2      | Found Wegaz's Book Emporium.
  1065 | D:2      | Reached XP level 3. HP: 20/27 MP: 0/0
  1065 | D:2      | Learned a level 1 spell: Sandblast
  1282 | D:2      | Found a faded altar of an unknown god.
  1289 | D:2      | Reached XP level 4. HP: 30/33 MP: 0/0
  1482 | D:2      | Reached skill level 4 in Spellcasting
  1482 | D:2      | Reached skill level 4 in Conjurations
  1482 | D:2      | Reached skill level 4 in Hexes
  1482 | D:2      | Reached skill level 4 in Summonings
  1482 | D:2      | Reached skill level 4 in Necromancy
  1482 | D:2      | Reached skill level 4 in Translocations
  1482 | D:2      | Reached skill level 4 in Fire Magic
  1482 | D:2      | Reached skill level 4 in Ice Magic
  1482 | D:2      | Reached skill level 4 in Air Magic
  1482 | D:2      | Reached skill level 4 in Earth Magic
  1482 | D:2      | Reached skill level 4 in Alchemy
  1618 | D:2      | Found Hongumn's Antique Armour Boutique.
  1909 | D:3      | Reached skill level 2 in Fighting
  2109 | D:3      | Found Viokone's Jewellery Shop.
  2120 | D:3      | Reached XP level 5. HP: 36/38 MP: 0/0
  2120 | D:3      | Learned a level 2 spell: Call Imp
  2583 | D:4      | Reached XP level 6. HP: 37/45 MP: 0/0
  2592 | D:4      | Reached skill level 3 in Fighting
  2597 | D:4      | Reached skill level 5 in Spellcasting
  2597 | D:4      | Reached skill level 5 in Conjurations
  2597 | D:4      | Reached skill level 5 in Hexes
  2597 | D:4      | Reached skill level 5 in Summonings
  2597 | D:4      | Reached skill level 5 in Necromancy
  2597 | D:4      | Reached skill level 5 in Translocations
  2597 | D:4      | Reached skill level 5 in Fire Magic
  2597 | D:4      | Reached skill level 5 in Ice Magic
  2597 | D:4      | Reached skill level 5 in Air Magic
  2597 | D:4      | Reached skill level 5 in Earth Magic
  2597 | D:4      | Reached skill level 5 in Alchemy
  3732 | D:5      | Entered Level 5 of the Dungeon
  3757 | D:5      | Reached XP level 7. HP: 47/50 MP: 0/0
  3757 | D:5      | Learned a level 2 spell: Ensorcelled Hibernation
  3818 | D:5      | Found a bloodstained altar of Trog.
  3819 | D:5      | Found a basalt altar of Yredelemnul.
  4045 | D:5      | Reached skill level 4 in Fighting
  4120 | D:5      | Reached skill level 6 in Spellcasting
  4120 | D:5      | Reached skill level 6 in Conjurations
  4120 | D:5      | Reached skill level 6 in Hexes
  4120 | D:5      | Reached skill level 6 in Summonings
  4120 | D:5      | Reached skill level 6 in Necromancy
  4120 | D:5      | Reached skill level 6 in Translocations
  4120 | D:5      | Reached skill level 6 in Fire Magic
  4120 | D:5      | Reached skill level 6 in Ice Magic
  4120 | D:5      | Reached skill level 6 in Air Magic
  4120 | D:5      | Reached skill level 6 in Earth Magic
  4120 | D:5      | Reached skill level 6 in Alchemy
  4309 | D:5      | Reached XP level 8. HP: 34/58 MP: 0/0
  4792 | D:6      | Reached skill level 5 in Fighting
  5247 | D:6      | Reached skill level 7 in Spellcasting
  5247 | D:6      | Reached skill level 7 in Conjurations
  5247 | D:6      | Reached skill level 7 in Hexes
  5247 | D:6      | Reached skill level 7 in Summonings
  5247 | D:6      | Reached skill level 7 in Necromancy
  5247 | D:6      | Reached skill level 7 in Translocations
  5247 | D:6      | Reached skill level 7 in Fire Magic
  5247 | D:6      | Reached skill level 7 in Ice Magic
  5247 | D:6      | Reached skill level 7 in Air Magic
  5247 | D:6      | Reached skill level 7 in Earth Magic
  5247 | D:6      | Reached skill level 7 in Alchemy
  5681 | D:6      | Found a staircase to the Ecumenical Temple.
  5692 | Temple   | Entered the Ecumenical Temple
  5775 | Temple   | Became a worshipper of Hepliaklqana the Forgotten
  5812 | D:6      | Found a white marble altar of Elyvilon.
  5816 | D:6      | Found a burning altar of Makhleb.
  5846 | D:6      | Noticed a two-headed ogre
  5861 | D:6      | Killed a two-headed ogre
  5862 | D:6      | Reached skill level 6 in Fighting
  5862 | D:6      | Reached skill level 8 in Spellcasting
  5862 | D:6      | Reached skill level 8 in Conjurations
  5862 | D:6      | Reached skill level 8 in Hexes
  5862 | D:6      | Reached skill level 8 in Summonings
  5862 | D:6      | Reached skill level 8 in Necromancy
  5862 | D:6      | Reached skill level 8 in Translocations
  5862 | D:6      | Reached skill level 8 in Fire Magic
  5862 | D:6      | Reached skill level 8 in Ice Magic
  5862 | D:6      | Reached skill level 8 in Air Magic
  5862 | D:6      | Reached skill level 8 in Earth Magic
  5862 | D:6      | Reached skill level 8 in Alchemy
  5862 | D:6      | Reached XP level 9. HP: 19/66 MP: 0/0
  5862 | D:6      | Learned a level 4 spell: Passage of Golubria
  6963 | D:7      | Reached skill level 7 in Fighting
  7102 | D:7      | Found Saobeleki's Hydra Hut.
  7106 | D:7      | Noticed a seven-headed hydra
  7114 | D:7      | Reached skill level 9 in Spellcasting
  7114 | D:7      | Reached skill level 9 in Conjurations
  7114 | D:7      | Reached skill level 9 in Hexes
  7114 | D:7      | Reached skill level 9 in Summonings
  7114 | D:7      | Reached skill level 9 in Necromancy
  7114 | D:7      | Reached skill level 9 in Translocations
  7114 | D:7      | Reached skill level 9 in Fire Magic
  7114 | D:7      | Reached skill level 9 in Ice Magic
  7114 | D:7      | Reached skill level 9 in Air Magic
  7114 | D:7      | Reached skill level 9 in Earth Magic
  7114 | D:7      | Reached skill level 9 in Alchemy
  7121 | D:7      | Reached XP level 10. HP: 61/75 MP: 0/0
  7522 | D:7      | Reached * piety under Hepliaklqana
  8118 | D:8      | Identified the +4 plate armour "Ejoly" {+Blink Will++
                  | Int-2}
  8202 | D:8      | Found a transporter.
  8262 | D:8      | Found a transporter.
  8264 | D:8      | Found a transporter.
  8402 | D:8      | Noticed a two-headed ogre
  8416 | D:8      | Killed a two-headed ogre
  8417 | D:8      | Reached skill level 8 in Fighting
  8417 | D:8      | Reached skill level 10 in Spellcasting
  8417 | D:8      | Reached skill level 10 in Conjurations
  8417 | D:8      | Reached skill level 10 in Hexes
  8417 | D:8      | Reached skill level 10 in Summonings
  8417 | D:8      | Reached skill level 10 in Necromancy
  8417 | D:8      | Reached skill level 10 in Translocations
  8417 | D:8      | Reached skill level 10 in Fire Magic
  8417 | D:8      | Reached skill level 10 in Ice Magic
  8417 | D:8      | Reached skill level 10 in Air Magic
  8417 | D:8      | Reached skill level 10 in Earth Magic
  8417 | D:8      | Reached skill level 10 in Alchemy
  8874 | D:8      | Found a transporter.
  8980 | D:8      | Found a blossoming altar of Fedhas.
  9192 | D:9      | Reached ** piety under Hepliaklqana
  9193 | D:9      | Remembered your ancestor Hintan as a knight
  9224 | D:9      | Reached skill level 1 in Shields
  9523 | D:9      | Found a transporter.
  9524 | D:9      | Found a transporter.
  9529 | D:9      | Noticed petete's ghost (novice CoHs)
  9530 | D:9      | Noticed a meliai
  9572 | D:9      | Identified the +0 triple crossbow of Might {penet, Will+++
                  | Int+3 Dex+3}
  9986 | D:9      | Reached skill level 2 in Shields
 10019 | D:9      | Reached XP level 11. HP: 58/73 MP: 0/0
 10019 | D:9      | Learned a level 5 spell: Yara's Violent Unravelling
 10022 | D:9      | Reached skill level 3 in Shields
 10206 | D:9      | Reached skill level 9 in Fighting
 10454 | D:10     | Entered Level 10 of the Dungeon
 10466 | D:10     | Found a staircase to the Lair.
 10532 | D:10     | Found a stormy altar of Qazlal.
 10581 | D:10     | Reached skill level 4 in Shields
 10678 | D:10     | Reached *** piety under Hepliaklqana
 10686 | D:10     | Found a shadowy altar of Dithmenos.
 10707 | D:10     | Found an opulent altar of Gozag.
 10724 | D:10     | Found a sparkling altar of Nemelex Xobeh.
 10770 | D:10     | Noticed a two-headed ogre
 10778 | D:10     | Killed a two-headed ogre
 10948 | D:10     | Found a glowing golden altar of the Shining One.
 11106 | D:11     | Found a frozen archway.
 11445 | D:11     | Noticed an arcanist
 11449 | D:11     | Killed an arcanist
 11450 | D:11     | Reached skill level 5 in Shields
 11450 | D:11     | Reached skill level 11 in Spellcasting
 11450 | D:11     | Reached skill level 11 in Conjurations
 11450 | D:11     | Reached skill level 11 in Hexes
 11450 | D:11     | Reached skill level 11 in Summonings
 11450 | D:11     | Reached skill level 11 in Necromancy
 11450 | D:11     | Reached skill level 11 in Translocations
 11450 | D:11     | Reached skill level 11 in Fire Magic
 11450 | D:11     | Reached skill level 11 in Ice Magic
 11450 | D:11     | Reached skill level 11 in Air Magic
 11450 | D:11     | Reached skill level 11 in Earth Magic
 11450 | D:11     | Reached skill level 11 in Alchemy
 11454 | D:11     | Noticed a large abomination
 11454 | D:11     | Noticed a large abomination
 11454 | D:11     | Noticed a large abomination
 11459 | D:11     | Noticed a large abomination
 11466 | D:11     | Found a staircase to the Orcish Mines.
 11548 | Lair:1   | Entered Level 1 of the Lair of Beasts
 11818 | Lair:1   | Reached skill level 10 in Fighting
 12023 | Lair:1   | Reached skill level 6 in Shields
 12023 | Lair:1   | Reached XP level 12. HP: 81/81 MP: 0/0
 12262 | Lair:1   | Reached **** piety under Hepliaklqana
 12318 | Lair:1   | Reached skill level 7 in Shields
 12341 | Lair:1   | Noticed a seven-headed hydra
 12345 | Lair:1   | Killed a seven-headed hydra
 12346 | Lair:1   | Reached skill level 11 in Fighting
 13277 | Lair:2   | Reached skill level 8 in Shields
 13390 | Lair:2   | Found a staircase to the Snake Pit.
 13396 | Lair:2   | Reached skill level 12 in Spellcasting
 13396 | Lair:2   | Reached skill level 12 in Conjurations
 13396 | Lair:2   | Reached skill level 12 in Hexes
 13396 | Lair:2   | Reached skill level 12 in Summonings
 13396 | Lair:2   | Reached skill level 12 in Necromancy
 13396 | Lair:2   | Reached skill level 12 in Translocations
 13396 | Lair:2   | Reached skill level 12 in Fire Magic
 13396 | Lair:2   | Reached skill level 12 in Ice Magic
 13396 | Lair:2   | Reached skill level 12 in Air Magic
 13396 | Lair:2   | Reached skill level 12 in Earth Magic
 13396 | Lair:2   | Reached skill level 12 in Alchemy
 13787 | Lair:3   | Noticed a skyshark
 13796 | Lair:3   | Killed a skyshark
 13797 | Lair:3   | Reached XP level 13. HP: 46/90 MP: 0/0
 13797 | Lair:3   | Learned a level 5 spell: Iskenderun's Battlesphere
 13866 | Lair:3   | Reached skill level 12 in Fighting
 13908 | Lair:3   | Reached ***** piety under Hepliaklqana
 13951 | Lair:3   | Reached skill level 9 in Shields
 13979 | Lair:3   | Noticed Fannar
 13986 | Lair:3   | Killed Fannar
 14465 | Lair:3   | Found a staircase to the Shoals.
 14598 | Lair:3   | Reached skill level 10 in Shields
 14906 | Lair:3   | Found a shimmering altar of Xom.
 15005 | Lair:3   | Found a blossoming altar of Fedhas.
 15464 | Lair:4   | Reached skill level 13 in Fighting
 15627 | Lair:4   | Reached XP level 14. HP: 94/99 MP: 0/0
 15905 | Lair:4   | Reached skill level 13 in Spellcasting
 15905 | Lair:4   | Reached skill level 13 in Conjurations
 15905 | Lair:4   | Reached skill level 13 in Hexes
 15905 | Lair:4   | Reached skill level 13 in Summonings
 15905 | Lair:4   | Reached skill level 13 in Necromancy
 15905 | Lair:4   | Reached skill level 13 in Translocations
 15905 | Lair:4   | Reached skill level 13 in Fire Magic
 15905 | Lair:4   | Reached skill level 13 in Ice Magic
 15905 | Lair:4   | Reached skill level 13 in Air Magic
 15905 | Lair:4   | Reached skill level 13 in Earth Magic
 15905 | Lair:4   | Reached skill level 13 in Alchemy
 16102 | Lair:4   | Found a viscous altar of Jiyva.
 16103 | Lair:4   | Found a staircase to the Slime Pits.
 16352 | Lair:4   | Reached skill level 11 in Shields
 16877 | Lair:5   | Entered Level 5 of the Lair of Beasts
 17124 | Lair:5   | Noticed Kirke
 17138 | Lair:5   | Killed Kirke
 17344 | Lair:5   | Reached skill level 14 in Fighting
 17834 | Lair:5   | Reached skill level 12 in Shields
 17971 | Lair:5   | Reached XP level 15. HP: 97/106 MP: 0/0
 17971 | Lair:5   | Learned a level 6 spell: Permafrost Eruption
 18666 | Lair:5   | Reached skill level 14 in Spellcasting
 18666 | Lair:5   | Reached skill level 14 in Conjurations
 18666 | Lair:5   | Reached skill level 14 in Hexes
 18666 | Lair:5   | Reached skill level 14 in Summonings
 18666 | Lair:5   | Reached skill level 14 in Necromancy
 18666 | Lair:5   | Reached skill level 14 in Translocations
 18666 | Lair:5   | Reached skill level 14 in Fire Magic
 18666 | Lair:5   | Reached skill level 14 in Ice Magic
 18666 | Lair:5   | Reached skill level 14 in Air Magic
 18666 | Lair:5   | Reached skill level 14 in Earth Magic
 18666 | Lair:5   | Reached skill level 14 in Alchemy
 19585 | Lair:5   | Reached skill level 15 in Fighting
 20499 | D:11     | Reached skill level 13 in Shields
 20925 | D:12     | Found a gate leading to a gauntlet.
 20936 | Gauntlet | Entered a Gauntlet
 20936 | Gauntlet | Found a runed translucent gate.
 20936 | Gauntlet | Found a transporter.
 20936 | Gauntlet | Found a transporter.
 20936 | Gauntlet | Found a transporter.
 20937 | Gauntlet | Found a transporter.
 20938 | Gauntlet | Found a runed translucent gate.
 20938 | Gauntlet | Found a transporter.
 20939 | Gauntlet | Found a runed translucent gate.
 20941 | Gauntlet | Found a transporter.
 20947 | Gauntlet | Found a transporter.
 20949 | Gauntlet | Found a transporter.
 20950 | Gauntlet | Found a transporter.
 20962 | Gauntlet | Found a transporter.
 20972 | Gauntlet | Found a transporter.
 20980 | Gauntlet | Found a transporter.
 21194 | Gauntlet | Identified the ring of Cheibriados's Delight {rF+ rN+}
 21573 | Gauntlet | Identified the +7 whip "Ryfuiniahe" {heavy, rF+ Stlth+}
 22304 | D:12     | Noticed Nergalle
 22306 | D:12     | Killed Nergalle
 22307 | D:12     | Reached skill level 3 in Dodging
 22523 | D:12     | Reached XP level 16. HP: 101/113 MP: 0/0
 22525 | D:12     | Noticed Azrael
 22528 | D:12     | Killed Azrael
 22973 | D:13     | Reached ****** piety under Hepliaklqana
 23003 | D:13     | Reached skill level 4 in Dodging
 23019 | D:13     | Noticed Lodul
 23023 | D:13     | Killed Lodul
 23839 | D:13     | Noticed a tengu reaver
 24283 | D:13     | Killed a tengu reaver
 24284 | D:13     | Reached skill level 5 in Dodging
 24731 | D:13     | Identified the amulet of Pizooly {Reflect Regen+ rCorr
                  | SH+5}
 25217 | D:14     | Reached skill level 16 in Fighting
 25327 | D:14     | Reached skill level 14 in Shields
 25363 | D:14     | Found a hazy altar of Hepliaklqana.
 25440 | D:14     | Noticed Rupert
 25445 | D:14     | Killed Rupert
 25457 | D:14     | Reached skill level 6 in Dodging
 25791 | D:14     | Shot with an arrow by a centaur warrior

Vanquished Creatures
  Rupert (D:14)
  Kirke (Lair:5)
  A tengu reaver (D:13)
  A minotaur (Gauntlet)
  A yaktaur captain (D:13)
  An entropy weaver (shapeshifter) (D:13)
  A rakshasa (D:12)
  An ice dragon (Lair:5)
  6 hydras
  Fannar (Lair:3)
  3 boulder beetles
  A catoblepas (Gauntlet)
  4 centaur warriors
  A death yak (Gauntlet)
  6 two-headed ogres
  A hell hog (Lair:5)
  A tengu warrior (D:14)
  A death scarab (Gauntlet)
  Nergalle (D:12)
  A skeletal warrior (D:14)
  2 skysharks
  A fire crab (Lair:5)
  Lodul (D:13)
  An arcanist (D:11)
  A swamp dragon (Lair:5)
  A deep troll (D:14)
  A lindwurm (Lair:3)
  A thermic dynamo (D:13)
  A deep elf pyromancer (D:14)
  A wolf spider (D:13)
  An oklob plant (Lair:3)
  2 manticores
  A spectral boulder beetle (Gauntlet)
  10 ugly things (D:14)
  4 large abominations (D:11)
  5 cyclopes
  16 elephants
  3 black mambas
  2 cane toads
  5 gargoyles
  9 komodo dragons
  3 molten gargoyles (D:14)
  5 rime drakes
  A freezing wraith (D:13)
  A troll (shapeshifter) (D:13)
  2 trolls
  13 polar bears
  2 raiju (Lair:5)
  5 hornets (Lair:1)
  16 blink frogs
  12 dream sheep (Lair:5)
  10 slime creatures
  A meliai zombie (D:14)
  2 water elementals (D:13)
  A centaur simulacrum (D:13)
  5 wyverns
  4 hogs (Lair:5)
  2 wraiths
  A vampire (D:9)
  4 basilisks
  38 yaks
  4 fire elementals (D:12)
  3 vampire mosquitoes (D:14)
  2 wargs (Lair:5)
  A naga (Lair:2)
  4 steam dragons
  3 acid dragons
  18 water moccasins
  14 hell hounds
  A swamp drake (Lair:5)
  5 orc warriors
  An ice beast (D:6)
  A sky beast (D:7)
  7 black bears
  25 wolves
  7 ogres
  3 centaurs
  A boggart (D:12)
  A phantom (D:7)
  A kobold brigand (D:8)
  5 bullfrogs
  3 gnoll sergeants
  2 small abominations (D:11)
  4 scorpions
  4 wights (D:9)
  4 killer bees (D:10)
  8 howler monkeys
  3 electric eels (D:13)
  A bombardier beetle (D:5)
  5 orc priests
  2 gnoll boudas
  7 hounds
  4 jellies
  4 sleepcaps
  9 orc wizards
  6 iguanas
  4 hell rats (Lair:5)
  A troll simulacrum (D:11)
  19 gnolls
  12 adders
  2 naga simulacra (D:11)
  2 shadow imps (D:5)
  5 white imps
  4 ribbon worms
  A dart slug (D:2)
  26 orcs
  6 endoplasms
  4 giant cockroaches
  10 goblins
  5 hobgoblins
  2 quokkas
  11 ball pythons
  4 bats
  3 frilled lizards
  6 kobolds
  6 rats
538 creatures vanquished.

Vanquished Creatures (collateral kills)
  Azrael (D:12)
  A hydra (Lair:5)
  4 boulder beetles
  A two-headed ogre (D:10)
  2 skysharks (Lair:5)
  A skeletal warrior (D:14)
  An oklob plant (Lair:3)
  4 ugly things (D:14)
  A manticore (D:13)
  5 elephants
  5 cane toads
  3 komodo dragons
  A yaktaur (D:13)
  A rime drake (Lair:4)
  2 trolls
  7 polar bears
  A merfolk (Lair:3)
  2 raiju (Lair:5)
  A blink frog (Lair:4)
  3 hornets
  A dream sheep (Lair:5)
  2 slime creatures
  A shadow (D:10)
  A wyvern (Lair:3)
  11 yaks
  2 basilisks
  2 wargs (Lair:5)
  A hog (Lair:5)
  2 vampire mosquitoes
  A naga (Lair:2)
  A hell hound (Lair:5)
  An acid dragon (Lair:5)
  2 water moccasins (Lair:1)
  6 black bears
  9 wolves
  An ogre (D:13)
  A bullfrog (Lair:1)
  2 howler monkeys (D:8)
  An orc priest (D:8)
  An iguana (Lair:5)
  2 hell rats (Lair:5)
  3 gnolls
  A naga simulacrum (D:11)
  An orc (D:11)
103 creatures vanquished.

Vanquished Creatures (others)
  A wolf (Lair:5)
  2 knights
  An ancestor (D:8)
4 creatures vanquished.

Grand Total: 645 creatures vanquished

Table legend: (Time is in decaauts)
 A = Elapsed time spent in this place.
 B = Non-inter-level travel time spent in this place.
 C = Inter-level travel time spent in this place.
 D = Time resting spent in this place.
 E = Time spent auto-exploring this place.
 F = Levels seen in this place.
 G = Mean time per level.
                   A        B        C        D        E       F      G
               +--------+--------+--------+--------+--------+-----+--------+
         Total |  25997 |  25242 |    755 |   8358 |  11848 |  21 | 1238.0 |
       Dungeon |  16861 |  16341 |    520 |   5229 |   8222 |  14 | 1204.4 |
        Temple |     94 |     94 |      0 |      0 |      0 |   1 |   94.0 |
          Lair |   8395 |   8160 |    235 |   2838 |   3626 |   5 | 1679.0 |
      Gauntlet |    645 |    645 |      0 |    290 |      0 |   1 |  645.0 |
               +--------+--------+--------+--------+--------+-----+--------+

Top non-repeatable levels by time:
  Lair:5: 3044 daAuts
    D:13: 2202 daAuts
  Lair:4: 1747 daAuts
     D:5: 1721 daAuts
  Lair:3: 1691 daAuts
    D:12: 1416 daAuts
     D:6: 1400 daAuts
     D:4: 1350 daAuts
     D:9: 1261 daAuts
     D:8: 1174 daAuts
    D:11: 1128 daAuts
    D:10: 1105 daAuts
     D:7: 1080 daAuts
  Lair:1: 1072 daAuts
     D:2: 956 daAuts

Table legend:
 A = Non-vault XP
 B = Vault XP
 C = Vault XP percentage of total XP
 D = Non-vault monster count
 E = Vault monster count
 F = Vault count percentage of total count
                 A         B        C        D         E       F
            +---------+---------+-------+---------+---------+-------
      Total |   89650 |   58633 |  39.5 |     440 |     202 |  31.5
            +---------+---------+-------+---------+---------+-------
        D:1 |      20 |       1 |   4.8 |      15 |       1 |   6.2
        D:2 |      59 |      31 |  34.4 |      12 |      12 |  50.0
        D:3 |      33 |       0 |   0.0 |      11 |       0 |   0.0
        D:4 |     320 |       0 |   0.0 |      22 |       0 |   0.0
        D:5 |     591 |     387 |  39.6 |      18 |      10 |  35.7
        D:6 |    2021 |     147 |   6.8 |      21 |       1 |   4.5
        D:7 |     912 |       0 |   0.0 |      16 |       0 |   0.0
        D:8 |    1771 |       0 |   0.0 |      23 |       0 |   0.0
        D:9 |    2501 |       0 |   0.0 |      24 |       0 |   0.0
       D:10 |    2721 |     407 |  13.0 |      19 |       2 |   9.5
       D:11 |    1996 |    3562 |  64.1 |      15 |      17 |  53.1
       D:12 |    4253 |    4505 |  51.4 |      17 |      13 |  43.3
       D:13 |    8728 |    9317 |  51.6 |      20 |      19 |  48.7
       D:14 |   13021 |    7160 |  35.5 |      27 |      11 |  28.9
     Lair:1 |    6151 |    2526 |  29.1 |      29 |       9 |  23.7
     Lair:2 |    3029 |     839 |  21.7 |       9 |       4 |  30.8
     Lair:3 |   12060 |    4120 |  25.5 |      40 |      11 |  21.6
     Lair:4 |   13717 |     556 |   3.9 |      51 |       4 |   7.3
     Lair:5 |   15746 |   20304 |  56.3 |      51 |      81 |  61.4
   Gauntlet |       0 |    4771 | 100.0 |       0 |       7 | 100.0
            +---------+---------+-------+---------+---------+-------
